Map: King Sejong Station LE

Players

Escalar - Winner!

  • Race: Zerg Zerg
  • League: Platinum

Gracz

  • Race: Zerg Zerg
  • League: Silver

VOD

Have the link to the VOD?

Description

Time

  • Played on: Oct. 18, 2016, 2 p.m.
  • Length: 4:51
Show
View Real Time Build Order
Export as new Build Order

Escalar Zerg - Winner!

Build Orders: Hatch First 

Get SALT Encoding   

  12  0:01  Drone  
  13  0:12  Overlord  
  13  0:17  Drone  
  14  0:45  Hatchery  
  14  0:48  Drone  
  14  0:51  Drone  
  14  0:54  Drone  
  16  1:00  Extractor  
  15  1:13  Spawning Pool  
  15  1:16  Drone  
  15  1:21  Drone  
  16  1:32  Drone  
  17  1:42  Drone  
  18  1:56  Drone  
  18  1:59  Queen  
  18  2:01  Metabolic Boost  
  21  2:03  Drone  
  21  2:05  Zergling x2  
  21  2:08  Zergling x2  
  24  2:16  Drone  
  24  2:19  Queen  
  27  2:45  Zergling x2  
  27  2:46  Overlord x2  
  28  2:55  Baneling Nest, Drone  
  28  3:04  Queen  
  30  3:31  Zergling x2  
  30  3:32  Zergling x10  
  36  3:39  Queen  
  38  3:50  Extractor, Drone x3  
  39  4:13  Baneling x2  
  37  4:18  Zergling x14  
  43  4:25  Drone x2  
Show
View Real Time Build Order
Export as new Build Order

Gracz Zerg 

Build Orders: Pool First 

Get SALT Encoding   

  12  0:01  Drone  
  13  0:19  Drone  
  14  0:28  Spawning Pool  
  14  0:32  Drone  
  14  0:37  Overlord  
  14  1:07  Drone  
  15  1:13  Drone  
  15  1:18  Extractor, Drone  
  17  1:22  Hatchery  
  15  1:56  Queen  
  17  2:08  Roach Warren  
  16  2:19  Hatchery  
  16  2:21  Zergling x2  
  16  2:22  Zergling x4  
  18  2:34  Queen  
  20  2:45  Drone x2  
  22  2:55  Roach x2  
  26  3:07  Roach  
  27  3:25  Queen  
  27  3:31  Overlord x2  
  27  3:43  Drone  
  27  3:45  Evolution Chamber  
  27  3:50  Roach  
  27  3:53  Zergling x2  
  30  4:07  Roach x2  
  32  4:21  Roach  
Tags
 
Add a new tag
Caveats
  • Supply blocks, unpowered buildings, or Contaminate may cause inaccurate times.
  • Supply counts are checked every 10 seconds.